 Dungeon Crawl Stone Soup version 0.32-a0-871-ge202e49 (webtiles) character file.

Game seed: 7352987253821067806

61 skewfiend the Chopper (level 3, -1/33 HPs)
             Began as a Mountain Dwarf Fighter on Mar 29, 2024.
             Killed from afar by an orc wizard (10 damage)
             ... with a magic dart
             ... on level 2 of the Dungeon.
             The game lasted 00:02:24 (1116 turns).

skewfiend the Chopper (Mountain Dwarf Fighter)      Turns: 1116, Time: 00:02:24

Health: -1/33      AC: 11    Str: 18    XL:     3   Next: 83%
Magic:  3/3        EV:  8    Int:  8    God:
Gold:   69         SH:  0    Dex: 11    Spells: 2/2 levels left

rFire   . . .        a - +0 war axe
rCold   . . .        c - +0 buckler
rNeg    . . .        b - +0 scale mail
rPois   .            p - +0 helmet
rElec   .            f - +0 cloak
rCorr   .            (no gloves)
SInv    .            e - +1 pair of boots
Will    .....        m - amulet of magic regeneration Stlth
                     (no ring)
HPRegen 0.25/turn    (no ring)
MPRegen 0.48/turn

%: no passive effects
@: confused, mighty
A: runic magic, artefact enchanting
a: no special abilities


You were on level 2 of the Dungeon.
You visited 1 branch of the dungeon, and saw 2 of its levels.

You collected 69 gold pieces.

Inventory:

Hand Weapons
 a - a +0 war axe (weapon)
 h - a +0 sling
Missiles
 i - 5 poisoned darts (quivered)
 l - 16 stones
Armour
 b - a +0 scale mail (worn)
 c - a +0 buckler (worn)
 e - a +1 pair of boots (worn)
 f - a +0 cloak (worn)
 p - a +0 helmet (worn)
Jewellery
 m - an amulet of magic regeneration (around neck)
Talismans
 k - a blade talisman
Scrolls
 g - 2 scrolls of teleportation {unknown}
 j - 2 scrolls of identify {unknown}
 n - 5 scrolls of enchant armour {unknown}
 o - a scroll of poison {unknown}


   Skills:
 + Level 4.0 Fighting
 * Level 4.4 Axes
 - Level 3.2 Armour
 - Level 3.2 Shields


You had 2 spell levels left.
You didn't know any spells.
Your spell library was empty.

Dungeon Overview and Level Annotations

Branches:
Dungeon (2/15)

Altars:


Innate Abilities, Weirdness & Mutations

Your spellcasting is much less encumbered by armour.
You can use scrolls of enchantment on lesser artefacts.


Message History

Unknown command.
You slash the orc!
You kill the orc!
Things that are here:
a +0 club; an orc corpse You're too confused to move!
Something hits you.
* * * LOW HITPOINT WARNING * * *
You barely miss something.
Something hits you but does no damage. x2
You bump into the rock wall.
You feel less confused.
You hear some strange, mumbled words.
A magic dart appears from out of thin air!
The magic dart hits you but does no damage.
You barely miss something.
You hear some strange, mumbled words.
Something tries to affect you, but you resist.
You barely miss something. Something hits you but does no damage.
You miss something.
You hear some strange, mumbled words.
You are confused.
Something hits you but does no damage.
You closely miss something. Something hits you but does no damage.
You hear some strange, mumbled words.
A magic dart appears from out of thin air!
The magic dart hits you but does no damage.
There is an open door, spattered with blood here.
Items here: )) [ †.
You miss something.
You hear some strange, mumbled words.
A magic dart appears from out of thin air!
The magic dart hits you but does no damage.
You hear some strange, mumbled words.
Something tries to affect you, but you resist.
Things that are here:
a +0 club; an orc corpse You're too confused to move!
You hear some strange, mumbled words.
A magic dart appears from out of thin air!
The magic dart hits you!
You die...

+.........#.....#
#.........#######
#.........#
#.........#
#.######'###### #.
####.........
#............
...#+##.)..........
.......@#####'#####
.......{).....#
........#######
........# ........#
........# ........#
........# #######


There were no monsters in sight!

Vanquished Creatures
  An orc priest (D:2)
  A dart slug (D:1)
  3 orcs (D:2)
  3 ball pythons (D:1)
  2 bats (D:1)
  2 endoplasms
  A giant cockroach (D:2)
  A goblin (D:1)
  6 jackals (D:1)
  2 kobolds (D:1)
  2 quokkas
24 creatures vanquished.

Notes
Turn   | Place    | Note
-------+----------+-------------------------------------------
     0 | D:1      | skewfiend the Mountain Dwarf Fighter began the quest for
                  | the Orb.
     0 | D:1      | Reached XP level 1. HP: 19/19 MP: 1/1
   295 | D:1      | Reached XP level 2. HP: 26/26 MP: 2/2
   351 | D:1      | Found a faded altar of an unknown god.
  1095 | D:2      | Reached XP level 3. HP: 33/33 MP: 3/3
  1116 | D:2      | Killed from afar by an orc wizard

Illustrated notes

Levels and vault maps discovered:
D:1:      onia_arrival_mini_spirals, layout_basic,
          chequers_ecumenical_altar_island
D:2:      layout_basic, chequers_serial_rivers_small_3

Skill      XL: |  1  2  3 |
---------------+----------+-----
Axes           | 3 4 |  4.4
Fighting       | 4 |  4.0
Armour         | |  3.2
Shields        | |  3.2

Action                     || total
---------------------------++-------
  Melee: War axe           ||    82
    Use: Potion            ||     1
 Armour: Scale mail        ||    94
  Dodge: Dodged            ||    34
  Block: Buckler           ||    15

Table legend: (Time is in decaauts)
 A = Elapsed time spent in this place.
 B = Non-inter-level travel time spent in this place.
 C = Inter-level travel time spent in this place.
 D = Time resting spent in this place.
 E = Time spent auto-exploring this place.
 F = Levels seen in this place.
 G = Mean time per level.
                   A        B        C        D        E       F      G
               +--------+--------+--------+--------+--------+-----+--------+
         Total |   1151 |   1058 |     93 |      0 |    764 |   2 |  575.5 |
       Dungeon |   1151 |   1058 |     93 |      0 |    764 |   2 |  575.5 |
               +--------+--------+--------+--------+--------+-----+--------+

Top non-repeatable levels by time:
     D:1: 968 daAuts
     D:2: 182 daAuts
